 Dungeon Crawl Stone Soup version 0.22-a0-605-g9281fa2 (webtiles) character file.

142 chorionicmirror the Insei (level 5, -1/41 HPs)
             Began as a Demonspawn Monk on July 8, 2018.
             Splashed by Ijyb's acid (14 damage)
             ... on level 3 of the Dungeon.
             The game lasted 00:09:22 (3180 turns).

chorionicmirror the Insei (Demonspawn Monk)         Turns: 3180, Time: 00:09:26

Health: -1/41      AC: 10    Str: 12    XL:     5   Next: 4%
Magic:  5/5        EV:  6    Int: 11    God:
Gold:   180        SH:  0    Dex: 16    Spells: 4/4 levels left

rFire    + . .     SeeInvis .   c - +3 whip (flame)
rCold    x . .     Gourm    .   (no shield)
rNeg     . . .     Faith    .   e - +0 chain mail (curse)
rPois    .         Spirit   .   (no helmet)
rElec    .         Reflect  .   (no cloak)
rCorr    .         Harm     .   (no gloves)
MR       .....     Rnd*Tele +   (no boots)
Stlth    ..........             (no amulet)
HPRegen  0.13/turn              f - ring of fire
MPRegen  0.09/turn              l - ring of teleportation (curse)

@: corroded, sanguine armour
A: demonic guardian 1, sanguine armour 1
a: no special abilities


You were on level 3 of the Dungeon.
You were not hungry.

You visited 1 branch of the dungeon, and saw 3 of its levels.

You collected 180 gold pieces.

Inventory:

Hand Weapons
 c - a +3 whip of flaming (weapon)
Armour
 a - a +0 robe
 e - a cursed +0 chain mail (worn)
Jewellery
 f - a ring of fire (left hand)
 l - a cursed ring of teleportation (right hand)
Scrolls
 g - 2 scrolls of teleportation
 m - a scroll of magic mapping
Potions
 d - 2 potions of curing
 h - a potion of cancellation {unknown}
 i - a potion of might
 k - a potion of ambrosia {unknown}
 n - a potion of agility {unknown}
Comestibles
 b - 9 rations
 j - 2 chunks of flesh


   Skills:
 + Level 3.6 Fighting
 + Level 0.8 Maces & Flails
 + Level 0.2 Armour
 - Level 2.6 Dodging
 - Level 1.7 Stealth
 * Level 4.6 Unarmed Combat


You had 4 spell levels left.
You didn't know any spells.
Your spell library was empty.

Dungeon Overview and Level Annotations

Branches:
Dungeon (3/15)

Altars:
Trog

Annotations:
D:3 Ijyb


Innate Abilities, Weirdness & Mutations

A weak demonic guardian rushes to your aid.
When seriously injured, your bleeding wounds create armour. (AC +6)


Message History

Ijyb zaps a wand.
The bolt of acid misses you.
It is a wand of acid (5).
Ijyb screams, "It's all mine!"
You closely miss Ijyb. Ijyb closely misses you.
You hit Ijyb. You burn Ijyb.
Ijyb is lightly wounded.
Ijyb screams, "Me stronger than you!" Ijyb barely misses you.
You closely miss Ijyb.
Ijyb is lightly wounded.
Ijyb hits you but does no damage.
You hit Ijyb but do no damage.
Ijyb is lightly wounded.
Ijyb hits you.
You hit Ijyb but do no damage.
Ijyb is lightly wounded.
Ijyb zaps a wand.
The bolt of acid hits you!
You are splashed with acid!
The acid burns!
Your blood congeals into armour.
Ijyb zaps a wand.
The bolt of acid hits you! The acid corrodes you!
You are splashed with acid!
The acid burns!
You die...

##.#.#.#.### #...##...#......###
.#......... #...##...#......#..
#
.#..........#...##.########.#.#
# #..........#...##.# #.#.. #
#..........#...##.########.#.#
#..........#...##.#...........
#.#.................#.######.###
#.#..........#...####.# #....
#.#..........#.@.# #.##########
#.#)#.###### ##g## #.#........#
#.#.#.# #.# #.#.######.#
#.#.#.#### #.# #.#.# #.#
#.#.#....# #.# #.#.######.#
##.#.#....# #.# #.#.........
...#.#....# #.# #.#..#####.#
...#.#....# #.# #.#..#.....#
...#.#....### #.#..#......


You could see Ijyb.

Vanquished Creatures
  Terence (D:2)
  2 gnolls (D:2)
  3 adders
  2 worms
  2 dart slugs
  A leopard gecko (D:2)
  5 orcs (D:3)
  2 giant cockroaches
  6 goblins
  6 hobgoblins
  3 jackals (D:2)
  A quokka (D:3)
  4 bats
  3 frilled lizards
  6 kobolds
  A quokka skeleton (D:3)
  6 rats
54 creatures vanquished.

Vanquished Creatures (collateral kills)
  2 gnolls (D:2)
  2 goblins (D:2)
4 creatures vanquished.

Grand Total: 58 creatures vanquished

Notes
Turn   | Place    | Note
-------+----------+-------------------------------------------
     0 | D:1      | chorionicmirror the Demonspawn Monk began the quest for the Orb.
     0 | D:1      | Reached XP level 1. HP: 18/18 MP: 1/1
   342 | D:1      | Reached skill level 3 in Unarmed Combat
   354 | D:1      | Gained mutation: A weak demonic guardian rushes to your aid. [demonic ancestry]
   354 | D:1      | Reached XP level 2. HP: 6/24 MP: 2/2
  1034 | D:2      | Noticed Terence
  1101 | D:2      | Reached XP level 3. HP: 17/29 MP: 3/3
  1458 | D:2      | Reached skill level 4 in Unarmed Combat
  1555 | D:2      | Killed Terence
  1555 | D:2      | Reached XP level 4. HP: 11/35 MP: 4/4
  1838 | D:2      | Found a bloodstained altar of Trog.
  2882 | D:3      | Gained mutation: When seriously injured, your bleeding wounds create armour. (AC +6) [demonic ancestry]
  2882 | D:3      | Reached XP level 5. HP: 39/41 MP: 5/5
  3172 | D:3      | Noticed Ijyb
  3180 | D:3      | Splashed by Ijyb's acid

Vault maps used:
D:1:      dpeg_arrival_tiny_f
D:2:      minmay_wonky_spiral, trog_book, uniq_terence
D:3:      serial_glass, glass_columns_b, glass_columns_b, nrook_mini_vaults,
          uniq_ijyb

Skill      XL: |  1  2  3 |
---------------+----------+-----
Unarmed Combat | 3 4 |  4.6
Fighting       | |  3.6
Maces & Flails | |  0.8
Armour         | |  0.2
Dodging        | |  2.6
Stealth        | |  1.7

Action                   |  1- 3 |  4- 6 || total
-------------------------+-------+-------++-------
Melee: Unarmed           |    50 |       ||    50
       Punch             |     1 |       ||     1
       Whip              |    25 |    96 ||   121
  Use: Scroll            |     2 |     3 ||     5
       Potion            |     1 |       ||     1
 Stab: Sleeping          |     3 |       ||     3
  Eat: Chunk             |     2 |     5 ||     7
Armor: Robe              |     6 |       ||     6
       Chain mail        |     3 |    77 ||    80
       Skin              |     1 |       ||     1
Dodge: Dodged            |    33 |    33 ||    66

Table legend:
 A = Spawn XP
 B = Non-spawn XP
 C = Spawn XP percentage of total XP
 D = Spawn monster count
 E = Non-spawn monster count
 F = Spawn count percentage of total count
 G = Total turns spent on level
                    A         B        C        D         E        F      G
               +---------+---------+-------+---------+---------+-------+---------
         Total |       0 |     204 |   0.0 |       0 |      58 |   0.0 |  3180
               +---------+---------+-------+---------+---------+-------+---------
           D:1 |       0 |      22 |   0.0 |       0 |      13 |   0.0 |  1009
           D:2 |       0 |     132 |   0.0 |       0 |      28 |   0.0 |  1412
           D:3 |       0 |      50 |   0.0 |       0 |      17 |   0.0 |   759
               +---------+---------+-------+---------+---------+-------+---------
